 Dungeon Crawl Stone Soup version 0.24-a0-459-g225fefd530 (webtiles) character file.

Game seed: 7027624204017505048

3293 Masnef the Gouger (level 9, -4/40 HPs)
             Began as a Felid Enchanter on June 28, 2019.
             Was a Priest of Sif Muna.
             Killed from afar by a swamp worm (7 damage)
             ... with a harpoon shot
             ... on level 1 of the Lair of Beasts on June 29, 2019.
             The game lasted 00:53:49 (17923 turns).

Masnef the Gouger (Felid Enchanter)                Turns: 17923, Time: 00:53:49

Health: -4/40      AC:  2    Str: 10    XL:     9   Next: 69%
Magic:  16/16      EV: 24    Int: 20    God:    Sif Muna [***...]
Gold:   736        SH:  0    Dex: 17    Spells: 3/16 levels left
                                        Lives:  0   Deaths: 2

rFire    . . .     SeeInvis +     - Unarmed
rCold    + . .     Gourm    .   (shield unavailable)
rNeg     . . .     Faith    +   (armour unavailable)
rPois    .         Spirit   .   (helmet unavailable)
rElec    .         Reflect  .   (cloak unavailable)
rCorr    .         Harm     .   (gloves unavailable)
MR       +....                  (boots unavailable)
Stlth    ++++++....             f - amulet of faith
HPRegen  0.13/turn              p - ring of the Scarab {rC+ Str+2 Stlth+}
MPRegen  0.15/turn              w - +4 ring of strength

@: quick
A: very small, no armour, no weapons or thrown items, stealth, claws 1, fangs 3,
see invisible, carnivore, speed 1, shaggy fur 2, slow metabolism 1, sharp paws
a: Channel Magic, Forget Spell, Renounce Religion


You were on level 1 of the Lair of Beasts.
You worshipped Sif Muna.
Sif Muna was most pleased with you.
You were full.

You visited 3 branches of the dungeon, and saw 13 of its levels.
You also visited: Sewer.

You collected 736 gold pieces.

Inventory:

Jewellery
 f - an amulet of faith (around neck)
 p - the ring of the Scarab (left paw) {rC+ Str+2 Stlth+}
   (You acquired it on level 5 of the Dungeon)

   [ring of strength]

   It affects your strength (+2).
   It protects you from cold.
   It makes you more stealthy.
 r - a +2 ring of dexterity
 w - a +4 ring of strength (right paw)
 x - an uncursed amulet of rage
 E - an uncursed ring of protection from fire
 H - an uncursed amulet of regeneration {unknown}
Wands
 h - a wand of flame (63)
 k - a wand of random effects (10)
 B - a wand of iceblast (9)
 D - a wand of digging (3)
 F - a wand of acid (10)
 G - a wand of polymorph (1)
 L - a wand of disintegration (15)
Scrolls
 a - 7 scrolls of teleportation
 e - 3 scrolls of blinking
 n - 3 scrolls of identify
 q - 5 scrolls of remove curse
 s - 2 scrolls of fear
 u - 3 scrolls of magic mapping {unknown}
 v - a scroll of holy word {unknown}
 y - a scroll of fog {unknown}
 C - a scroll of immolation {unknown}
 I - 2 scrolls of amnesia
 K - a scroll of summoning {unknown}
Potions
 c - 2 potions of resistance
 d - 7 potions of curing
 g - a potion of berserk rage
 i - 2 potions of might
 j - 2 potions of agility
 l - 4 potions of haste
 m - 2 potions of lignification
 o - 2 potions of degeneration
 t - 6 potions of brilliance {unknown}
 z - 2 potions of mutation {unknown}
 A - 2 potions of heal wounds {unknown}
 J - 2 potions of ambrosia {unknown}
Comestibles
 b - 25 rations


   Skills:
 - Level 5.0 Fighting
 * Level 9.0 Dodging
 - Level 10.1 Stealth
 * Level 12.1 Unarmed Combat
 - Level 4.0 Spellcasting
 - Level 2.0 Conjurations
 - Level 5.0 Hexes
 * Level 4.0 Invocations
 - Level 2.0 Evocations


You had 3 spell levels left.
You knew the following spells:

 Your Spells              Type           Power        Failure   Level  Hunger
a - Confusing Touch       Hex            ###...       1%          1    None
b - Ensorcelled Hibernat  Hex/Ice        ##....       7%          2    #......
c - Confuse               Hex            ###.....     4%          3    ###....
d - Dazzling Spray        Conj/Hex       ###...       9%          3    ###....
e - Animate Skeleton      Necr           N/A          13%         1    None
f - Tukima's Dance        Hex            ###.....     4%          3    ###....

Your spell library contained the following spells:

 Spells                   Type           Power        Failure   Level  Hunger
 Corona                   Hex            ###....      1%          1    None
 Apportation              Tloc           #.....       13%         1    None
 Summon Small Mammal      Summ           #...         13%         1    None
 Gell's Gravitas          Tloc           #.........   36%         3    ###....
 Petrify                  Tmut/Erth      #.......     77%         4    ####...
 Metabolic Englaciation   Hex/Ice        ##........   77%         5    ######.
 Yara's Violent Unravell  Hex/Tmut       ##........   77%         5    ######.


Dungeon Overview and Level Annotations

Branches:
Dungeon (11/15)            Temple (1/1) D:7            Lair (1/6) D:9
    Orc: D:9-12

Altars:
Ashenzari
Cheibriados
Elyvilon
Fedhas
Gozag
Kikubaaqudgha
Makhleb
Nemelex Xobeh
Okawaru
Qazlal
Ru
Sif Muna
Trog
Uskayaw
Xom
Yredelemnul
Zin
The Shining One

Annotations:
D:6 3 runed translucent doors, HAL9000's ghost, novice DrTm
Lair:1 3 runed translucent doors, Gastronok; Hawod's ghost, novice MiBe; Powoakku's ghost, novice OgWz


Innate Abilities, Weirdness & Mutations

You cannot wear armour.
You are incapable of wielding weapons or throwing items.
Your paws allow you to move quietly. (Stealth)
You have sharp claws.
You have razor-sharp teeth.
You have supernaturally acute eyesight. (SInv)
You are carnivorous and can eat meat at any time.
You cover ground quickly.
You are covered in thick fur. (AC +2)
You have a slow metabolism.
Your sharp claws are effective at attacking unaware monsters.


Message History

Aiming: Iceblast
Press: ? - help, Shift-Dir - straight line, f/p - Gastronok
Aim: Gastronok, wearing a +2 hat (moderately wounded, covered in acid)
The mass of ice explodes!
The iceblast engulfs Gastronok!
Gastronok is moderately wounded.
The iceblast engulfs the plant.
The plant is lightly damaged.
Unknown command.
Evoke which item? (* to show all) (? for menu, Esc to quit)
Aiming: Disintegrate
Press: ? - help, Shift-Dir - straight line, f/p - Gastronok
Aim: Gastronok, wearing a +2 hat (moderately wounded, covered in acid, chance to defeat MR: 24%) Gastronok is blasted!
Gastronok bites you!!!
Ouch! That really hurt!
* * * LOW HITPOINT WARNING * * *
Unknown command.
The swamp worm throws harpoon shot at you.
The harpoon shot hits you!
You die...

.....###..#.......#.....#.......#
.....##...#.......#.....#........
##..####..........+.....#....^..#
#..## ##..P.......#..)..........#
##'####...#.............P.###.##.
..........#.......P..............
..........###....+#..............
.................................
................@................
..####.......P...........####....
.##.##.......w.............####++
.............w......#....#.#♣.WW.
....#...............#....#.#⌠....
......†.....P..............#♣....
.........................P.#.....
....................#......##8...
....##........P.....#.......##[♣⌠


You could see Gastronok and a swamp worm.

Vanquished Creatures
  Nergalle (Lair:1)
  2 spiny frogs (Lair:1)
  A komodo dragon (Lair:1)
  Grinder (D:4)
  A troll (D:10)
  A hippogriff (D:10)
  A spriggan (D:7)
  A wyvern (D:10)
  6 yaks (Lair:1)
  2 basilisks (Lair:1)
  2 hungry ghosts
  Edmund (D:4)
  2 wargs (D:9)
  3 swamp worms (Lair:1)
  A water moccasin (Lair:1)
  4 porcupines (Lair:1)
  4 orc warriors
  A hornet zombie (D:8)
  2 eyes of draining
  3 ice beasts
  3 phantoms
  4 sky beasts
  2 ogres
  2 centaurs
  3 crocodiles
  2 big kobolds
  2 bullfrogs
  2 scorpions (D:7)
  2 killer bees (D:9)
  2 howler monkeys
  5 crimson imps
  A bullfrog zombie (D:7)
  2 centaur zombies
  2 jellies
  7 hounds
  3 bullfrog skeletons
  5 orc priests
  A centaur skeleton (D:6)
  13 orc wizards
  Natasha (thrice) (D:2)
  3 iguanas
  9 worker ants
  A hound zombie (D:5)
  2 howler monkey skeletons
  10 adders
  7 gnolls
  3 river rats
  A shadow imp (D:5)
  An ooze (D:1)
  An adder zombie (D:6)
  4 adder skeletons
  3 worms
  6 dart slugs
  4 leopard geckos
  28 orcs
  6 giant cockroaches
  8 hobgoblins
  3 jackals (D:2)
  4 quokkas
  6 ball pythons
  6 bats
  12 frilled lizards
  8 goblins
  A jackal skeleton (D:5)
  16 kobolds
  A leopard gecko skeleton (D:4)
  A leopard gecko zombie (D:4)
  13 rats
274 creatures vanquished.

Vanquished Creatures (collateral kills)
  A killer bee (D:9)
  2 howler monkeys (D:8)
  A hound (D:8)
  An orc (D:9)
5 creatures vanquished.

Vanquished Creatures (others)
  2 dancing weapons
  4 fungi
  6 plants
12 creatures vanquished.

Grand Total: 291 creatures vanquished

Notes
Turn   | Place    | Note
-------+----------+-------------------------------------------
     0 | D:1      | Masnef the Felid Enchanter began the quest for the Orb.
     0 | D:1      | Reached XP level 1. HP: 7/7 MP: 4/4
    96 | D:1      | Reached skill level 2 in Unarmed Combat
   108 | D:1      | Reached XP level 2. HP: 7/11 MP: 6/6
   409 | D:1      | Learned a level 2 spell: Ensorcelled Hibernation
   654 | D:1      | Reached skill level 3 in Unarmed Combat
   723 | D:1      | Reached XP level 3. HP: 11/14 MP: 7/7
   895 | D:1      | Learned a level 3 spell: Confuse
  1197 | D:2      | Noticed Natasha
  1324 | D:2      | Found a faded altar of an unknown god.
  1770 | D:2      | Killed Natasha
  1770 | D:2      | Reached skill level 4 in Unarmed Combat
  1770 | D:2      | Reached XP level 4. HP: 18/18 MP: 5/8
  2664 | D:2      | Found a shimmering altar of Xom.
  2851 | D:2      | Noticed Natasha
  2893 | D:2      | Killed Natasha
  2893 | D:2      | Reached XP level 5. HP: 21/21 MP: 6/9
  2932 | D:2      | Noticed Natasha
  2937 | D:2      | Killed Natasha
  3076 | D:3      | Reached skill level 1 in Fighting
  3547 | D:3      | Reached skill level 5 in Stealth
  3858 | D:3      | Reached skill level 5 in Unarmed Combat
  4086 | D:3      | Gained mutation: You are covered in thick fur. (AC +2)
                  | [Felid growth]
  4086 | D:3      | Reached XP level 6. HP: 10/25 MP: 4/10
  4310 | D:3      | You fall into a shaft and drop 1 floor!
  4326 | D:4      | Learned a level 3 spell: Dazzling Spray
  4363 | D:4      | Noticed Grinder
  4416 | D:4      | Reached skill level 5 in Hexes
  4564 | D:4      | Noticed Edmund
  4575 | D:4      | Killed Edmund
  4575 | D:4      | Reached skill level 1 in Conjurations
  4618 | D:4      | Noticed an ice beast
  4621 | D:4      | Killed an ice beast
  4621 | D:4      | Reached skill level 6 in Unarmed Combat
  4621 | D:4      | Reached XP level 7. HP: 30/30 MP: 11/11
  4961 | D:4      | Found a white marble altar of Elyvilon.
  4961 | D:4      | Found a sacrificial altar of Ru.
  4965 | D:4      | Found a burning altar of Makhleb.
  6038 | D:4      | Killed Grinder
  6038 | D:4      | Reached skill level 7 in Unarmed Combat
  6472 | D:4      | Found a glowing golden altar of the Shining One.
  6474 | D:4      | Found a basalt altar of Yredelemnul.
  6522 | D:5      | Entered Level 5 of the Dungeon
  6551 | D:5      | Identified a scroll of acquirement
  6554 | D:5      | Got a fine platinum ring
  6555 | D:5      | Identified the ring of the Scarab {rC+ Str+2 Stlth+} (You
                  | acquired it on level 5 of the Dungeon)
  6588 | D:5      | Reached XP level 8. HP: 34/34 MP: 12/12
  6624 | D:5      | Reached skill level 5 in Dodging
  6664 | D:5      | Found a glowing drain.
  6697 | D:5      | Learned a level 1 spell: Confusing Touch
  6708 | Sewer    | Entered a sewer
  7147 | D:5      | Reached skill level 8 in Unarmed Combat
  8495 | D:6      | Learned a level 1 spell: Animate Skeleton
  8976 | D:7      | Reached XP level 9. HP: 19/37 MP: 10/14
  9406 | D:6      | Reached skill level 9 in Unarmed Combat
  9486 | D:6      | Found a bloodstained altar of Trog.
  9632 | D:6      | Found a runed translucent gate.
  9632 | D:6      | Found a runed translucent gate.
  9633 | D:6      | Found a runed translucent gate.
  9634 | D:6      | Noticed HAL9000's ghost (novice DrTm)
 10817 | D:7      | Found a staircase to the Ecumenical Temple.
 10826 | Temple   | Entered the Ecumenical Temple
 10861 | Temple   | Became a worshipper of Sif Muna the Loreminder
 11235 | D:8      | Learned a level 3 spell: Tukima's Dance
 11393 | D:8      | Reached skill level 1 in Invocations
 11731 | D:7      | Reached skill level 1 in Evocations
 11835 | D:8      | Reached skill level 10 in Unarmed Combat
 12051 | D:8      | Reached * piety under Sif Muna
 12687 | D:9      | Reached XP level 10. HP: 42/42 MP: 13/17
 13181 | D:9      | Found a staircase to the Lair.
 13894 | D:9      | Found a blossoming altar of Fedhas.
 14089 | D:9      | Found a staircase to the Lair.
 14236 | D:9      | Found a blossoming altar of Fedhas.
 14402 | D:10     | Entered Level 10 of the Dungeon
 14410 | D:10     | Reached ** piety under Sif Muna
 15171 | D:10     | Reached skill level 11 in Unarmed Combat
 15647 | D:11     | Noticed a five-headed hydra
 15711 | Lair:1   | Entered Level 1 of the Lair of Beasts
 15797 | Lair:1   | Found a runed translucent gate.
 15797 | Lair:1   | Found a runed translucent gate.
 15797 | Lair:1   | Found a runed translucent gate.
 16021 | Lair:1   | Noticed a spiny frog
 16028 | Lair:1   | Killed a spiny frog
 16188 | Lair:1   | Noticed Powoakku's ghost (novice OgWz)
 16189 | Lair:1   | Noticed Hawod's ghost (novice MiBe)
 16611 | Lair:1   | Reached XP level 11. HP: 46/46 MP: 1/18
 16722 | Lair:1   | Reached *** piety under Sif Muna
 16722 | Lair:1   | Reached skill level 5 in Fighting
 16915 | Lair:1   | Noticed Gastronok
 17164 | Lair:1   | Slain by a spiny frog
 17165 | Lair:1   | Reached XP level 10. HP: -2/44 MP: 16/17
 17238 | Lair:1   | Slain by a swamp worm
 17239 | Lair:1   | Reached XP level 9. HP: -2/40 MP: 11/16
 17349 | Lair:1   | Noticed Nergalle
 17376 | Lair:1   | Killed Nergalle
 17376 | Lair:1   | Reached skill level 10 in Stealth
 17406 | Lair:1   | Reached skill level 12 in Unarmed Combat
 17483 | Lair:1   | Killed a spiny frog
 17923 | Lair:1   | Killed from afar by a swamp worm

Levels and vault maps discovered:
D:1:      psy_arrival_spokes, layout_basic, serial_bayou_crossing
D:2:      layout_basic, overflow_temple_1_default,
          chequers_ecumenical_altar_island, hangedman_feature_mirror,
          grunt_decor_cap, minivault_5, uniq_natasha
D:3:      layout_basic, first_ration, kennysheep_generic_room_16
D:4:      minmay_bubble_buster, layout_basic, nicolae_overflow_hidden_temple,
          uniq_edmund, uniq_grinder
D:5:      layout_rooms, portal_sewer_entry_a
D:6:      layout_cave_pools, gammafunk_ghost_nasty_kobolds, grunt_ministairs_6,
          trog_eyes_of_draining
D:7:      layout_loops_ring, minmay_temple_entry_glassed_door, the_bakery
D:8:      layout_basic
D:9:      layout_roguey, erik_lair_orcish_takeover, fedhas_altar_2
D:10:     layout_cave_pools
D:11:     layout_cave_pools, uniq_psyche
Temple:   eino_temple_rhombus
Lair:1:   layout_regular_city, gammafunk_ghost_cemetery,
          nicolae_lair_grove_arrangements, worms_lemuel, serial_bayou_shore_b,
          lemuel_fruit_tree, uniq_nergalle, uniq_gastronok

Skill      XL: |  1  2  3  4  5  6  7  8  9 10 11 |
---------------+----------------------------------+-----
Unarmed Combat | 2 3 4 5 6 7 8 12 11 | 12.1
Dodging        | 3 4 6 9 8 |  9.0
Fighting       | 1 2 3 4 5 |  5.0
Stealth        | 5 6 10 9 | 10.1
Hexes          | 5 |  5.0
Conjurations   | 1 2 |  2.0
Spellcasting   | 3 4 |  4.0
Invocations    | 4 3 |  4.0
Evocations     | 1 2 |  2.0

Action                   |  1- 3 |  4- 6 |  7- 9 | 10-12 || total
-------------------------+-------+-------+-------+-------++-------
Melee: Unarmed           |   101 |   108 |   430 |   184 ||   823
       Bite              |     5 |     3 |    40 |    21 ||    69
       Punch             |       |     1 |    19 |     7 ||    27
 Cast: Ensorcelled Hiber |     6 |    30 |    31 |    19 ||    86
       Confuse           |     1 |     2 |    38 |    27 ||    68
       Dazzling Spray    |       |       |    22 |    22 ||    44
       Confusing Touch   |       |       |    46 |    23 ||    69
       Animate Skeleton  |       |       |     9 |     3 ||    12
       Tukima's Dance    |       |       |     5 |     4 ||     9
Evoke: Wand              |       |       |     7 |       ||     7
  Use: Scroll            |     2 |     9 |    10 |     2 ||    23
       Potion            |       |     1 |       |       ||     1
 Stab: Sleeping          |    11 |    29 |    51 |    14 ||   105
       Confused          |       |       |    31 |    19 ||    50
       Invisible         |       |       |     8 |     7 ||    15
       Distracted        |       |       |     1 |       ||     1
  Eat: Chunk             |     9 |     8 |    27 |    11 ||    55
Armor: Skin              |     4 |     5 |    18 |    10 ||    37
Dodge: Dodged            |    77 |    85 |   311 |   177 ||   650

Table legend:
 A = Non-vault XP
 B = Vault XP
 C = Vault XP percentage of total XP
 D = Non-vault monster count
 E = Vault monster count
 F = Vault count percentage of total count
                 A         B        C        D         E       F
            +---------+---------+-------+---------+---------+-------
      Total |   10002 |    3371 |  25.2 |     225 |      54 |  19.4
            +---------+---------+-------+---------+---------+-------
        D:1 |      50 |       0 |   0.0 |      24 |       0 |   0.0
        D:2 |     208 |      35 |  14.4 |      27 |       1 |   3.6
        D:3 |     150 |       0 |   0.0 |      24 |       0 |   0.0
        D:4 |     247 |     693 |  73.7 |      18 |      11 |  37.9
        D:5 |     599 |      15 |   2.4 |      16 |       2 |  11.1
        D:6 |     644 |     508 |  44.1 |      15 |       8 |  34.8
        D:7 |     997 |     215 |  17.7 |      19 |       1 |   5.0
        D:8 |     983 |       0 |   0.0 |      27 |       0 |   0.0
        D:9 |     492 |     578 |  54.0 |      15 |       8 |  34.8
       D:10 |    2003 |       0 |   0.0 |      22 |       0 |   0.0
     Lair:1 |    3629 |    1256 |  25.7 |      18 |       4 |  18.2
      Sewer |       0 |      71 | 100.0 |       0 |      19 | 100.0
            +---------+---------+-------+---------+---------+-------
